 Dungeon Crawl Stone Soup version 0.32-a0-306-gfed3edf829 (webtiles) character file.

Game seed: 1818398734517669015

228606 hipposaver the Warrior (level 20, 0/158 HPs)
             Began as a Djinni Conjurer on Feb 11, 2024.
             Was the Champion of Makhleb.
             Slain by a shard shrike simulacrum (33 damage)
             ... on level 4 of the Abyss on Feb 14, 2024.
             The game lasted 02:18:28 (45527 turns).

hipposaver the Warrior (Djinni Conjurer)           Turns: 45527, Time: 02:18:29

Health: 0/158      AC: 12    Str:  8    XL:     20   Next: 20%
Gold:   2375       EV: 42    Int: 29    God:    Makhleb [******] SH: 14 Dex: 13

rFire   + + +        V - staff of earth
rCold   x . .        Y - +2 kite shield {rF+}
rNeg    . . .        a - +0 robe
rPois   ∞            e - +2 helmet
rElec   +            j - +1 cloak of Starlight {*Dazzle EV+4 Stlth--}
rCorr   .            q - +1 pair of gloves "Ovolozut" {rElec Int+3}
SInv    +            (boots unavailable)
Will    ++...        h - amulet of the acrobat Stlth
                     o - +5 ring of evasion
HPRegen 0.46/turn    t - ring of see invisible
MPRegen 0.00/turn

%: acrobat, infuse magic (-1 HP)
@: about to teleport, acrobatic, flying
A: sickness immunity, fire resistance 2, cold vulnerability 1, float, innate
caster, HP casting, extra vitality 1, inability to drink after injury 1
}: 1/15 runes: serpentine
a: Renounce Religion, Minor Destruction, Lesser Servant of Makhleb, Major
Destruction, Greater Servant of Makhleb


You were on level 4 of the Abyss.
You worshipped Makhleb.
Makhleb was exalted by your worship.
You visited 6 branches of the dungeon, and saw 30 of its levels.
You visited the Abyss 1 time.
You also visited: Bailey.

You collected 4971 gold pieces.
You spent 2596 gold pieces at shops.

Inventory:

Hand Weapons
 Q - the +7 Spriggan's Knife {stab, EV+4 Stlth+}
   (You found it on level 10 of the Dungeon)

   Stab:      It is more effective when stabbing unaware enemies, sometimes
   treating them as though they were completely helpless.
   EV+4:      It affects your evasion (+4).
   Stlth+:    It makes you more stealthy.
Armour
 a - a +0 robe (worn)
 e - a +2 helmet (worn)
 j - the +1 cloak of Starlight (worn) {*Dazzle EV+4 Stlth--}
   (You bought it in a shop on level 2 of the Orcish Mines)

   *Dazzle:   It may blind those who miss an attack against the wearer in melee
   combat.
   EV+4:      It affects your evasion (+4).
   Stlth--:   It makes you much less stealthy.
 q - the +1 pair of gloves "Ovolozut" (worn) {rElec Int+3}
   (You found it on level 7 of the Dungeon)

   Int+3:     It affects your intelligence (+3).
   rElec:     It insulates you from electricity.
 Y - a +2 kite shield of fire resistance (worn)
Magical Staves
 V - a staff of earth (weapon)
Jewellery
 c - a +4 ring of slaying
 f - a +6 ring of strength
 h - an amulet of the acrobat (around neck)
 o - a +5 ring of evasion (left hand)
 t - a ring of see invisible (right hand)
 u - the amulet of Elemental Vulnerability {rPois rF-- rC-- AC+8}
   (You took it off a gnoll on level 9 of the Dungeon)

   [amulet of nothing]

   AC+8:      It affects your AC (+8).
   rF--:      It makes you very vulnerable to fire.
   rC--:      It makes you very vulnerable to cold.
   rPois:     It protects you from poison
 C - a +5 ring of evasion
 T - the amulet of Ymmay {RegenMP Int+3}
   (You found it on level 12 of the Dungeon)

   [amulet of magic regeneration]

   RegenMP:   It increases your rate of magic regeneration.
   Int+3:     It affects your intelligence (+3).
 X - a ring of resist corrosion
Wands
 n - a wand of digging (20)
 w - a wand of mindburst (4)
 y - a wand of roots (3)
 H - a wand of flame (9)
 L - a wand of quicksilver (15)
Scrolls
 g - 6 scrolls of teleportation
 l - 12 scrolls of identify
 m - 6 scrolls of enchant weapon
 p - 2 scrolls of immolation
 s - 2 scrolls of torment
 v - 6 scrolls of vulnerability
 A - 2 scrolls of fear
 F - 3 scrolls of poison
 G - a scroll of fog
 K - 3 scrolls of butterflies
 R - a scroll of brand weapon
 U - 2 scrolls of silence
Potions
 b - 7 potions of curing
 d - 5 potions of magic
 i - 6 potions of mutation
 k - a potion of brilliance
 r - 2 potions of enlightenment
 x - 10 potions of heal wounds
 z - 2 potions of resistance
 B - a potion of ambrosia
 E - 2 potions of might
 I - 4 potions of haste
 J - 2 potions of attraction
 N - 3 potions of degeneration
 O - a potion of invisibility
 S - a potion of lignification


   Skills:
 + Level 18.7 Fighting
 + Level 13.8 Armour
 - Level 16.0 Dodging
 - Level 1.5 Stealth
 + Level 12.7 Shields
 + Level 15.0 Spellcasting
 + Level 15.0 Conjurations
 + Level 15.0 Hexes
 + Level 15.0 Summonings
 + Level 15.0 Necromancy
 + Level 15.0 Translocations
 + Level 15.0 Fire Magic
 + Level 15.0 Ice Magic
 + Level 15.0 Air Magic
 + Level 15.0 Earth Magic
 + Level 15.0 Alchemy


You knew the following spells:

 Your Spells              Type           Power      Damage    Failure   Level
a - Magic Dart            Conj           100%       1d8       0%          1
b - Searing Ray           Conj           100%       2d8       1%          2
c - Fulminant Prism       Conj/Alch      41%        3d19      1%          4
d - Iskenderun's Mystic   Conj/Tloc      83%        2d16      1%          4
e - Slow                  Hex            100%       N/A       0%          1
f - Scorch                Fire           100%       2d9       1%          2
g - Call Imp              Summ           100%       N/A       1%          2
h - Manifold Assault      Tloc           83%        N/A       1%          4
i - Dimensional Bullseye  Hex/Tloc       41%        N/A       1%          4
j - Irradiate             Conj/Alch      41%        3d25      1%          5
k - Bombard               Conj/Erth      52%        9d9       1%          6
l - Sculpt Simulacrum     Ice/Alch       41%        N/A       1%          6
m - Haunt                 Necr/Summ      41%        N/A       11%         7
Your spell library was empty.

Dungeon Overview and Level Annotations

Branches:
Dungeon (15/15)            Temple (1/1) D:5            Lair (5/5) D:9
 Shoals (0/4) Lair:2        Snake (4/4) Lair:3        Slime (0/5) Lair:5
    Orc (2/2) D:12            Elf (3/3) Orc:2        Vaults (0/5) D:13
 Depths (0/4) D:15         Bailey (visited)

Altars:
Ashenzari
Cheibriados
Dithmenos
Elyvilon
Fedhas
Gozag
Hepliaklqana
Makhleb
Nemelex Xobeh
Okawaru
Qazlal
Ru
Trog
Uskayaw
Wu Jian
Xom
Yredelemnul
Zin
The Shining One
Jiyva

Shops:
D:6 (!!:(   D:8 :   D:10 *   Orc:2 ([*:   Elf:3 !   Snake:3 (=(   Snake:4 =

Annotations:
D:9 Grum
D:13 3 runed translucent doors, Haduh's ghost, journeyman FeSh; epsilonplus's ghost, journeyman MDFi; zewo's ghost, adept MDFi
D:14 1 runed translucent door
Lair:3 exclusion: oklob plant


Innate Abilities, Weirdness & Mutations

You are immune to sickness and miasma.
You are immune to poison.
Your flesh is very heat resistant. (rF++)
You are vulnerable to cold. (rC-)
You float through the air rather than walking.
You learn spells naturally, not from books.
Your magical power is your life essence.
You have superior vitality. (+4 MHP)
You occasionally lose the ability to drink potions when taking damage.


Message History

Unknown command.
Unknown command.
Found a runelight.
The shard shrike simulacrum attacks as it pursues you!
The shard shrike simulacrum misses you.
You block the shard shrike simulacrum's attack. x2
The starspawn tentacle completely misses you. x2
Unknown command.
Unknown command.
Casting: Iskenderun's Mystic Blast (safe; 1% risk of failure)
Confirm with . or Enter, or press ? or * to list all spells.
You erupt in a blast of force!
The mystic blast hits the starspawn tentacle segment!
The starspawn tentacle segment is moderately damaged.
The mystic blast hits the starspawn tentacle segment!!
You destroy the starspawn tentacle segment!
The mystic blast hits the shard shrike simulacrum!
The shard shrike simulacrum is moderately damaged.
The shard shrike simulacrum is knocked back by the mystic blast.
The shard shrike simulacrum collides with the starspawn tentacle segment!
The starspawn tentacle segment is lightly damaged.
The shard shrike simulacrum is heavily damaged.
The mystic blast hits the starspawn tentacle!
The starspawn tentacle is severely damaged.
* * * LOW HITPOINT WARNING * * *
You destroy the starspawn tentacle!
You hear a bark!
You hear a trumpeting!
You block the shard shrike simulacrum's attack.
A large abomination comes into view.
Found a runelight.
The shard shrike simulacrum misses you.
The starcursed mass shrieks in your mind.
* * * LOW HITPOINT WARNING * * *
The shard shrike simulacrum closely misses you.
The abyss shimmers again as the detected abyssal rune vanishes from your memory and reappears.
You block the shard shrike simulacrum's attack.
The shard shrike simulacrum claws you!
* * * LOW HITPOINT WARNING * * *
The shard shrike simulacrum freezes you!!
You feel a terrible chill!
You die...

.##..# ..
....##. #...#X.
##...#. #
#.#...##.#
....... #...#
#@# #..Z.X#
.≈§§≈≈≈.⌠≈#
.§≈≈≈≈§≈≈≈.§§
⌠..§§#####≈§≈.⌠
..§§§ §≈§§X .
≈§ § ≈§§


You could see a starcursed mass, a tentacled starspawn, a large abomination and
a shard shrike simulacrum.

Vanquished Creatures
  Norris (Elf:2)
  Rupert (D:14)
  Jorgrun (Snake:2)
  2 deep elf blademasters
  A tentacled starspawn (Abyss:3)
  9 nagarajas
  Aizul (Snake:3)
  2 deep elf elementalists (Elf:1)
  An orc warlord (Orc:2)
  A cacodemon (Abyss:3)
  An ironbound preserver (D:13)
  A deep elf demonologist (Elf:2)
  2 deep elf annihilators (Elf:1)
  2 deep elf death magi (Elf:1)
  Azrael (Snake:1)
  An entropy weaver (D:13)
  A deep elf high priest (Elf:3)
  3 fire dragons
  A rakshasa (D:14)
  Fannar (D:11)
  2 hydras (Lair:4)
  4 salamander tyrants
  2 ice dragons
  An ogre mage (Orc:1)
  6 centaur warriors
  A catoblepas (D:14)
  Erica (D:8)
  5 boulder beetles
  7 anacondas
  25 dancing weapons
  5 death yaks (Lair:4)
  15 naga warriors
  4 two-headed ogres
  7 shock serpents
  3 tengu warriors
  15 naga sharpshooters
  Nergalle (D:11)
  3 orc high priests (Orc:2)
  13 deep elf knights
  Sonja (Lair:5)
  A shadow wraith (Abyss:3)
  3 skysharks
  A nameless horror (Elf:2)
  7 sea snakes
  Lodul (D:11)
  6 salamander mystics
  A swamp dragon (Lair:5)
  14 skeletal warriors
  8 deep elf archers
  10 mana vipers
  2 lindwurms (Lair:5)
  7 naga ritualists
  20 deep elf pyromancers
  4 orc knights
  9 ugly things
  27 deep elf zephyrmancers
  4 orc sorcerers (Orc:2)
  19 salamanders
  8 cyclopes
  2 manticores
  20 elephants
  Maurice (D:8)
  Joseph (Lair:1)
  3 guardian serpents
  2 kobold blastminers (Orc:1)
  A smoke demon (Abyss:3)
  5 torpor snails (Lair:5)
  44 black mambas
  15 naga magi
  8 cane toads
  A gargoyle (D:10)
  6 rime drakes
  3 kobold demonologists
  An unseen horror (D:11)
  Jeremiah (D:6)
  A rime drake (shapeshifter) (D:14)
  3 freezing wraiths
  8 komodo dragons
  3 tengu conjurers
  3 efreet
  A silent spectre (Abyss:3)
  An ancient zyme (Abyss:3)
  7 trolls
  3 tyrant leeches (Lair:5)
  4 merfolk (Lair:2)
  Prince Ribbit (Lair:1)
  8 hornets
  3 blink frogs
  5 dream sheep
  A raiju (Abyss:4)
  2 slime creatures (D:15)
  An air elemental (Elf:2)
  A shadow (D:12)
  2 wraiths
  57 yaks
  2 wyverns
  A vampire (D:14)
  4 fire elementals (Snake:1)
  A basilisk (Lair:2)
  4 steam dragons
  5 wargs
  4 vampire mosquitoes (D:12)
  47 nagas
  3 acid dragons
  20 water moccasins
  4 hell hounds (Snake:1)
  4 swamp drakes (Lair:5)
  A black bear (D:4)
  2 sky beasts
  2 ice beasts
  30 orc warriors
  18 wolves
  4 boggarts (D:13)
  15 ogres
  7 centaurs
  A phantom (D:5)
  6 kobold brigands
  A weeping skull (Abyss:3)
  8 bullfrogs
  A gnoll sergeant (D:9)
  2 small abominations (Abyss:3)
  2 scorpions
  3 earth elementals
  12 wights
  10 killer bees
  8 electric eels
  A howler monkey (D:7)
  A bombardier beetle (D:5)
  8 jellies
  6 hounds
  19 orc priests
  A gnoll bouda (D:5)
  6 iguanas
  4 sleepcaps
  22 orc wizards
  14 gnolls
  4 adders
  2 white imps
  2 ufetubi (Abyss:3)
  3 dart slugs
  A ribbon worm (D:4)
  47 orcs
  15 ball pythons
  4 bats (D:1)
  21 endoplasms
  An endoplasm (shapeshifter) (D:14)
  4 giant cockroaches
  10 goblins
  8 hobgoblins
  6 jackals
  20 kobolds
  4 quokkas
  3 frilled lizards (D:3)
  8 rats
  A butterfly (Lair:2)
  6 fulminant prisms
  2 starspawn tentacles
1022 creatures vanquished.

Vanquished Creatures (collateral kills)
  A death yak (Lair:4)
  A deep elf archer (Elf:2)
  2 elephants
  A black mamba (Lair:3)
  A basilisk (Lair:3)
  An ice beast (D:6)
  A jelly (Lair:3)
  An iguana (D:5)
  A gnoll (D:4)
  An orc (D:12)
  An endoplasm (Lair:3)
12 creatures vanquished.

Vanquished Creatures (others)
  273 fulminant prisms
  7 starspawn tentacles
280 creatures vanquished.

Grand Total: 1314 creatures vanquished

Notes
Turn   | Place    | Note
-------+----------+-------------------------------------------
     0 | D:1      | hipposaver the Djinni Conjurer began the quest for the Orb.
     0 | D:1      | hipposaver set off with the following spells memorised:
                  | Magic Dart, Searing Ray, Fulminant Prism, Iskenderun's
                  | Mystic Blast.
     0 | D:1      | Reached XP level 1. HP: 15/15 MP: 0/0
    99 | D:1      | Reached XP level 2. HP: 20/22 MP: 0/0
   113 | D:1      | Found a faded altar of an unknown god.
   179 | D:1      | Reached skill level 1 in Fighting
   364 | D:1      | Reached XP level 3. HP: 25/27 MP: 0/0
   364 | D:1      | Learned a level 1 spell: Slow
   769 | D:2      | Reached XP level 4. HP: 30/33 MP: 0/0
   852 | D:2      | Reached skill level 2 in Fighting
   997 | D:2      | Reached XP level 5. HP: 22/39 MP: 0/0
   997 | D:2      | Learned a level 2 spell: Scorch
  2185 | D:3      | Reached XP level 6. HP: 41/45 MP: 0/0
  2430 | D:3      | Reached skill level 7 in Fighting
  2430 | D:3      | Reached XP level 7. HP: 34/58 MP: 0/0
  2430 | D:3      | Learned a level 2 spell: Call Imp
  2513 | D:3      | Upgraded the game from 0.32-a0-136-gc02482bde3 to
                  | 0.32-a0-306-gfed3edf829
  3344 | D:4      | Found a shimmering altar of Xom.
  3355 | D:4      | Found a white marble altar of Elyvilon.
  3549 | D:5      | Entered Level 5 of the Dungeon
  3804 | D:4      | Reached XP level 8. HP: 61/64 MP: 0/0
  4433 | D:5      | Found a staircase to the Ecumenical Temple.
  4603 | Temple   | Entered the Ecumenical Temple
  4628 | Temple   | Became a worshipper of Makhleb the Destroyer
  4971 | D:6      | Found Null's Distillery.
  5093 | D:6      | Reached XP level 9. HP: 53/69 MP: 0/0
  5093 | D:6      | Learned a level 4 spell: Manifold Assault
  5203 | D:6      | Noticed Jeremiah
  5514 | D:6      | Killed Jeremiah
  5708 | D:6      | Reached skill level 8 in Fighting
  5754 | D:6      | Found a shadowy altar of Dithmenos.
  5828 | D:6      | Found Cyofobuc's Book Shop.
  5971 | D:6      | Found Zytyhos's Weapon Shop.
  6003 | D:6      | Found Oprimoux's Distillery.
  6107 | D:6      | Found Ylyuk's Weapon Boutique.
  6730 | D:7      | Found a flagged portal.
  6740 | Bailey   | Entered a bailey
  6979 | D:7      | Identified the +1 pair of gloves "Ovolozut" {rElec Int+3}
  7091 | D:7      | Reached * piety under Makhleb
  7109 | D:7      | Reached XP level 10. HP: 73/76 MP: 0/0
  7728 | D:7      | Found a basalt altar of Yredelemnul.
  7765 | D:8      | Found Qomox's Book Shop.
  7824 | D:8      | Noticed Maurice
  7825 | D:8      | Noticed Erica
  7834 | D:8      | Maurice stole 129 gold
  7841 | D:8      | Killed Erica
  7842 | D:8      | Reached skill level 10 in Dodging
  7846 | D:8      | Killed Maurice
  7847 | D:8      | Reached skill level 9 in Fighting
  8209 | D:8      | Found a bloodstained altar of Trog.
  8415 | D:8      | Reached ** piety under Makhleb
  8605 | D:8      | Found an opulent altar of Gozag.
  8605 | D:8      | Found a sparkling altar of Nemelex Xobeh.
  8687 | D:8      | Identified a scroll of acquirement
  8687 | D:8      | Acquired 1155 gold pieces
  8904 | D:6      | Bought the +6 arbalest of True Grit {drain, rC- Int+5} for
                  | 534 gold pieces
  9015 | D:9      | Found a staircase to the Lair.
  9030 | D:9      | Noticed a two-headed ogre
  9043 | D:9      | Killed a two-headed ogre
  9044 | D:9      | Reached XP level 11. HP: 73/84 MP: 0/0
  9044 | D:9      | Learned a level 4 spell: Dimensional Bullseye
  9628 | D:9      | Found a broken altar of Ashenzari.
  9632 | D:9      | Saw a vision of the Shoals and the Snake Pit.
  9632 | D:9      | Noticed a harpy
  9632 | D:9      | Noticed a manticore
  9632 | D:9      | Noticed a sea snake
  9632 | D:9      | Noticed a manticore
  9632 | D:9      | Noticed a mana viper
  9632 | D:9      | Noticed an anaconda
  9632 | D:9      | Noticed a naga sharpshooter
  9632 | D:9      | Noticed a merfolk aquamancer
  9632 | D:9      | Noticed Grum
  9632 | D:9      | Noticed a manticore
  9633 | D:9      | Noticed a sea snake
  9633 | D:9      | Noticed a merfolk avatar
  9758 | Lair:1   | Entered Level 1 of the Lair of Beasts
 10015 | Lair:1   | Found a gate leading to a gauntlet.
 10238 | Lair:1   | Noticed Joseph
 10249 | Lair:1   | Killed Joseph
 10853 | Lair:1   | Reached skill level 10 in Fighting
 11057 | Lair:2   | Noticed Prince Ribbit
 11075 | Lair:1   | HP: 4/85 [yak (8)]
 11480 | Lair:1   | Killed Prince Ribbit
 11912 | Lair:2   | Reached XP level 12. HP: 56/92 MP: 0/0
 13470 | Lair:2   | Found a staircase to the Shoals.
 13824 | Lair:2   | Reached *** piety under Makhleb
 13825 | Lair:2   | Reached skill level 11 in Fighting
 15593 | Lair:3   | Found a staircase to the Snake Pit.
 15904 | Lair:3   | Reached **** piety under Makhleb
 15906 | Lair:3   | Reached XP level 13. HP: 96/100 MP: 0/0
 15906 | Lair:3   | Learned a level 5 spell: Irradiate
 15939 | Lair:4   | Reached skill level 10 in Spellcasting
 15939 | Lair:4   | Reached skill level 10 in Conjurations
 15939 | Lair:4   | Reached skill level 10 in Hexes
 15939 | Lair:4   | Reached skill level 10 in Summonings
 15939 | Lair:4   | Reached skill level 10 in Necromancy
 15939 | Lair:4   | Reached skill level 10 in Translocations
 15939 | Lair:4   | Reached skill level 10 in Fire Magic
 15939 | Lair:4   | Reached skill level 10 in Ice Magic
 15939 | Lair:4   | Reached skill level 10 in Air Magic
 15939 | Lair:4   | Reached skill level 10 in Earth Magic
 15939 | Lair:4   | Reached skill level 10 in Alchemy
 16055 | Lair:4   | Reached skill level 12 in Fighting
 17583 | Lair:5   | Entered Level 5 of the Lair of Beasts
 17583 | Lair:5   | Noticed a six-headed hydra
 18052 | Lair:5   | Noticed an eight-headed hydra
 18127 | Lair:4   | Reached skill level 13 in Fighting
 18127 | Lair:4   | Killed a six-headed hydra
 18254 | Lair:4   | Reached ***** piety under Makhleb
 18255 | Lair:4   | Reached XP level 14. HP: 103/110 MP: 0/0
 18464 | Lair:5   | Noticed Sonja
 18657 | Lair:4   | Reached skill level 15 in Dodging
 18958 | Lair:5   | Killed Sonja
 19541 | Lair:5   | Found a staircase to the Slime Pits.
 19553 | Lair:5   | Found a viscous altar of Jiyva.
 20310 | Lair:5   | Reached skill level 14 in Fighting
 21239 | D:10     | Entered Level 10 of the Dungeon
 21959 | D:10     | Found the +7 Spriggan's Knife {stab, EV+4 Stlth+}
 21964 | D:10     | Reached XP level 15. HP: 116/117 MP: 0/0
 21964 | D:10     | Learned a level 6 spell: Bombard
 22295 | D:10     | Reached skill level 1 in Shields
 22435 | D:10     | Found Yleaxoo's CLEARANCE SALE!.
 22710 | D:11     | Noticed Lodul
 22714 | D:11     | Noticed Nergalle
 22717 | D:11     | Killed Lodul
 22720 | D:11     | Killed Nergalle
 23159 | D:11     | You are sucked into a shaft and drop 2 floors!
 23303 | D:11     | Noticed Fannar
 23310 | D:11     | Killed Fannar
 23902 | D:12     | Reached ****** piety under Makhleb
 24830 | D:12     | Identified the amulet of Ymmay {RegenMP Int+3}
 24835 | D:12     | Identified the +5 shortbow "Byeboz" {heavy, rCorr Dex+5}
 24952 | D:12     | Found a staircase to the Orcish Mines.
 24961 | Orc:1    | Entered Level 1 of the Orcish Mines
 25616 | Orc:2    | Entered Level 2 of the Orcish Mines
 25626 | Orc:2    | Found a staircase to the Elven Halls.
 25802 | Orc:2    | Found Gohal's Antique Armour Emporium.
 26094 | Orc:2    | Reached skill level 15 in Fighting
 26410 | Orc:2    | Bought the +1 cloak of Starlight {*Dazzle EV+4 Stlth--} for
                  | 945 gold pieces
 26410 | Orc:2    | Found the +1 cloak of Starlight {*Dazzle EV+4 Stlth--}
 26480 | Orc:2    | Found Zamemec's Book Emporium.
 26548 | Orc:2    | Found Igro's General Store.
 26556 | Orc:2    | Bought 3 potions of heal wounds for 225 gold pieces
 26817 | Orc:2    | Noticed an orc warlord
 26822 | Orc:2    | Paralysed by an orc sorcerer for 5 turns
 26831 | Orc:2    | Killed an orc warlord
 26832 | Orc:2    | Gained mutation: You occasionally lose the ability to drink
                  | potions when taking damage. [mutagenic glow]
 26833 | Orc:2    | Reached skill level 5 in Shields
 26964 | Orc:2    | Found Vevusaon's Antique Weapon Emporium.
 27176 | Orc:2    | Bought an ichor-stained ring mail for 279 gold pieces
 27176 | Orc:2    | Identified the +0 ring mail of Panentheism {Str+2} (You
                  | bought it in a shop on level 2 of the Orcish Mines)
 27612 | D:13     | Reached XP level 16. HP: 108/126 MP: 0/0
 28317 | D:13     | Found a runed translucent gate.
 28317 | D:13     | Found a runed translucent gate.
 28317 | D:13     | Found a runed translucent gate.
 28321 | D:13     | Noticed zewo's ghost (adept MDFi)
 28321 | D:13     | Noticed Haduh's ghost (journeyman FeSh)
 28321 | D:13     | Noticed epsilonplus's ghost (journeyman MDFi)
 28815 | D:13     | Found a gate to the Vaults.
 29799 | D:14     | Found a runed translucent door.
 29799 | D:14     | Noticed a frost giant
 29799 | D:14     | Noticed a tengu reaver
 29947 | D:14     | Noticed Rupert
 29964 | D:14     | Killed Rupert
 30948 | D:15     | Entered Level 15 of the Dungeon
 31852 | D:15     | Found a staircase to the Depths.
 32023 | D:15     | Reached skill level 16 in Fighting
 32166 | D:15     | Found a hazy altar of Hepliaklqana.
 32319 | Snake:1  | Entered Level 1 of the Snake Pit
 32579 | Snake:1  | Reached XP level 17. HP: 119/133 MP: 0/0
 32579 | Snake:1  | Learned a level 6 spell: Sculpt Simulacrum
 33009 | Snake:1  | Noticed Azrael
 33017 | Snake:1  | Killed Azrael
 33019 | Snake:1  | Reached skill level 10 in Armour
 34129 | Snake:2  | Noticed Jorgrun
 34583 | Snake:2  | Killed Jorgrun
 34838 | Snake:3  | Found a glowing golden altar of the Shining One.
 35530 | Snake:3  | Reached XP level 18. HP: 141/141 MP: 0/0
 35797 | Snake:3  | Reached skill level 17 in Fighting
 35953 | Snake:3  | Identified the serpent talisman "Darud" {rF+ Dex-4 SInv}
 35953 | Snake:3  | Noticed Aizul
 35958 | Snake:3  | Killed Aizul
 36369 | Snake:3  | Found Xacy's Antique Weapon Boutique.
 36371 | Snake:3  | Found Voemecs's Jewellery Shop.
 36373 | Snake:3  | Found Jifebisou's Weapon Boutique.
 36523 | Snake:3  | Reached skill level 10 in Shields
 36791 | Snake:4  | Entered Level 4 of the Snake Pit
 39171 | Snake:4  | Got a serpentine rune of Zot
 39214 | Snake:4  | Found Tyomosus's Jewellery Shoppe.
 39670 | Elf:1    | Entered Level 1 of the Elven Halls
 39682 | Elf:1    | Reached XP level 19. HP: 138/149 MP: 0/0
 39682 | Elf:1    | Learned a level 7 spell: Haunt
 40483 | Elf:1    | Reached skill level 18 in Fighting
 41581 | Elf:2    | Noticed Norris
 41601 | Elf:2    | Killed Norris
 41715 | Elf:2    | Noticed a Tzitzimitl
 41717 | Elf:2    | Paralysed by an air elemental for 1 turns
 41720 | Elf:2    | Paralysed by an air elemental for 1 turns
 41733 | Elf:2    | Paralysed by an air elemental for 1 turns
 42250 | Elf:2    | Found a huge runed translucent gate.
 42250 | Elf:2    | Found a huge runed translucent gate.
 42261 | Elf:2    | Found a huge runed translucent gate.
 42674 | Elf:2    | Found a huge runed translucent gate.
 42674 | Elf:2    | Found a huge runed translucent gate.
 43359 | Elf:2    | Noticed a deep elf blademaster
 43371 | Elf:2    | Killed a deep elf blademaster
 43840 | Elf:3    | Entered Level 3 of the Elven Halls
 43852 | Elf:3    | Reached XP level 20. HP: 143/158 MP: 0/0
 44279 | Elf:3    | Found Alafroan's Distillery.
 44608 | D:6      | Bought a potion of heal wounds for 55 gold pieces
 44608 | D:6      | Bought 2 potions of heal wounds for 110 gold pieces
 44608 | D:6      | Bought 2 potions of heal wounds for 110 gold pieces
 44678 | D:6      | Bought 2 potions of heal wounds for 130 gold pieces
 44678 | D:6      | Bought a potion of mutation for 104 gold pieces
 44678 | D:6      | Bought a potion of mutation for 104 gold pieces
 45359 | Elf:3    | Reached skill level 15 in Spellcasting
 45359 | Elf:3    | Reached skill level 15 in Conjurations
 45359 | Elf:3    | Reached skill level 15 in Hexes
 45359 | Elf:3    | Reached skill level 15 in Summonings
 45359 | Elf:3    | Reached skill level 15 in Necromancy
 45359 | Elf:3    | Reached skill level 15 in Translocations
 45359 | Elf:3    | Reached skill level 15 in Fire Magic
 45359 | Elf:3    | Reached skill level 15 in Ice Magic
 45359 | Elf:3    | Reached skill level 15 in Air Magic
 45359 | Elf:3    | Reached skill level 15 in Earth Magic
 45359 | Elf:3    | Reached skill level 15 in Alchemy
 45359 | Abyss:3  | Cast into level 3 of the Abyss (a deep elf demonologist)
 45468 | Abyss:4  | Found a corrupted altar of Lugonu.
 45500 | Abyss:4  | Noticed a hellephant
 45521 | Abyss:4  | Noticed a hellephant
 45527 | Abyss:4  | Slain by a shard shrike simulacrum

Illustrated notes

Levels and vault maps discovered:
D:1:      eino_arrival_water_cross, layout_basic,
          shapermc_ecumenical_altar_pompeii
D:2:      layout_loops_corners
D:3:      layout_rooms
D:4:      black_bear_nest_2, layout_basic, minmay_overflow_temple_star_quad
D:5:      layout_rooms, mainiacjoe_overflow_paths, temple_hall
D:6:      layout_basic, grunt_dithmenos_smoke_and_mirrors, serial_shops, shop,
          shop, nicolae_shop_window_shopping, shop, shop, uniq_jeremiah
D:7:      layout_gridville, marbit_many_paths, enter_bailey_3,
          grunt_ministairs_15, hangedman_abyss_or_decor_stabs,
          minmay_misc_feat_rows, minmay_diced_spiral
D:8:      layout_loops_ring, grunt_temple_overflow_opulence, bloody_trog,
          serial_shops, shop, uniq_erica, uniq_maurice
D:9:      layout_rooms, grunt_ashenzari_visionary
          [grunt_ashenzari_visionary_shoals, grunt_ashenzari_visionary_snake],
          lair_entry_dummy, uniq_grum
D:10:     minmay_wavy_crystal, layout_loops_corners, nicolae_shop_clearance
D:11:     layout_cross, uniq_nergalle, uniq_lodul, uniq_fannar
D:12:     dragon1_lemuel, layout_loops_ring, david_orc_4
D:13:     layout_basic, hellmonk_vaults_order_and_chaos,
          gammafunk_ghost_cemetery
D:14:     layout_irregular_city, chequers_serial_rivers_small_a,
          kennysheep_treasure_room, uniq_rupert
D:15:     grunt_enter_depths_hoard, layout_irregular_city,
          nzn_hepliaklqana_mist_gate, minmay_misc_feat_ornament
Temple:   hc_temple_tempest_star
Lair:1:   layout_misc_corridors, gauntlet_entry_generic, uniq_joseph
Lair:2:   layout_small_grid, elwin_shoals_entry_stream, lemuel_fruit_fields,
          uniq_prince_ribbit2
Lair:3:   lemuel_slime, layout_misc_corridors, dummy_snake_entry,
          grunt_megastairs_5, infiniplex_staircase_pool, serial_bayou_shore_b
Lair:4:   beast_lair_carwin_large_4, layout_regular_city, fungi_pond_lemuel,
          wad_woods_river_01
Lair:5:   wormcave, layout_cave_shapes, guppyfry_lair_end_dragon,
          nicolae_slime_entry_field_trip, serial_bayou_lake_a,
          infiniplex_staircase_pool_2, uniq_sonja
Snake:1:  layout_rooms, uniq_azrael
Snake:2:  layout_rooms, lemuel_fruit_tree, serial_bayou_shore_b, uniq_jorgrun
Snake:3:  layout_gridlike, basic_altar, serial_bayou_shore_a, minmay_shop_star,
          uniq_aizul
Snake:4:  johnstein_snake_rune_scales, layout_cave_shapes, serial_shops, shop,
          guppyfry_snake_island, grunt_megastairs_3, serial_bayou_shore_b,
          serial_bayou_shore_b
Orc:1:    layout_diamond_mine, mines4_lemuel
Orc:2:    grunt_orc_gardens, layout_caves, grunt_orc_garden, grunt_orc_garden,
          grunt_orc_garden, grunt_orc_garden
Elf:1:    eino_elf_arrival_customs, layout_onion_city,
          nicolae_elf_blasts_and_bolts
Elf:2:    elven_hall_of_blades_hangedman_alternative
          [nicolae_blade_entry_pointy_end], layout_gridlike, uniq_norris
Elf:3:    elf_hall, layout_loops_corners, serial_shops, shop
Abyss:4:  base: D:8, bh_abyss_exit_choice, evilmike_abyss_rune_elephants_shrine,
          evilmike_abyss_rune_elephants_shrine, guppyfry_abyss_exit_imp_island

Skill      XL: |  1  2  3  4  5  6  7  8  9 10 11 12 13 14 15 16 17 18 19 20 |
---------------+-------------------------------------------------------------+-----
Fighting       | 1 2 7 8 9 10 11 13 14 15 16 17 18 | 18.7
Dodging        | 3 4 8 9 10 11 13 14 15 16 | 16.0
Spellcasting   | 4 6 7 8 9 10 11 12 13 14 15 | 15.0
Conjurations   | 4 6 7 8 9 10 11 12 13 14 15 | 15.0
Hexes          | 4 6 7 8 9 10 11 12 13 14 15 | 15.0
Summonings     | 4 6 7 8 9 10 11 12 13 14 15 | 15.0
Necromancy     | 4 6 7 8 9 10 11 12 13 14 15 | 15.0
Translocations | 4 6 7 8 9 10 11 12 13 14 15 | 15.0
Fire Magic     | 4 6 7 8 9 10 11 12 13 14 15 | 15.0
Ice Magic      | 4 6 7 8 9 10 11 12 13 14 15 | 15.0
Air Magic      | 4 6 7 8 9 10 11 12 13 14 15 | 15.0
Earth Magic    | 4 6 7 8 9 10 11 12 13 14 15 | 15.0
Alchemy        | 4 6 7 8 9 10 11 12 13 14 15 | 15.0
Armour         | 6 7 9 11 12 13 | 13.8
Shields        | 5 7 9 11 12 | 12.7
Stealth        | |  1.5

Action                     |  1- 3 |  4- 6 |  7- 9 | 10-12 | 13-15 | 16-18 | 19-21 || total
---------------------------+-------+-------+-------+-------+-------+-------+-------++-------
  Melee: Unarmed           |       |       |     4 |     2 |     1 |       |       ||     7
         Punch             |       |       |       |     1 |       |       |       ||     1
         Quarterstaff      |       |       |       |       |     2 |       |       ||     2
         Knife             |       |       |       |       |    38 |     8 |       ||    46
         Staff             |       |       |       |       |       |    37 |    12 ||    49
   Cast: Magic Dart        |    39 |    23 |    25 |    19 |    49 |    48 |    10 ||   213
         Searing Ray       |     7 |    20 |    33 |    43 |     6 |     1 |       ||   110
         Scorch            |       |    12 |    56 |   221 |   253 |    24 |     1 ||   567
         Slow              |       |     1 |       |       |       |       |     1 ||     2
         Call Imp          |       |       |    19 |    65 |    42 |     3 |     1 ||   130
         Fulminant Prism   |       |       |    10 |    41 |    96 |    97 |    36 ||   280
         Iskenderun's Myst |       |       |     4 |     5 |    28 |    90 |    74 ||   201
         Manifold Assault  |       |       |     3 |       |    19 |    21 |    10 ||    53
         Dimensional Bulls |       |       |       |     1 |     1 |       |       ||     2
         Irradiate         |       |       |       |       |    49 |    33 |     6 ||    88
         Bombard           |       |       |       |       |   134 |   347 |   129 ||   610
         Sculpt Simulacrum |       |       |       |       |       |     1 |       ||     1
         Haunt             |       |       |       |       |       |       |     3 ||     3
  Evoke: Wand              |       |       |       |       |       |       |     5 ||     5
    Use: Scroll            |     3 |     5 |     5 |    11 |     7 |     3 |     7 ||    41
         Potion            |       |     1 |     3 |     2 |     1 |     6 |     1 ||    14
 Armour: Robe              |     5 |    20 |    59 |   195 |   184 |   170 |    59 ||   692
  Dodge: Dodged            |     5 |    18 |    64 |   310 |   507 |   274 |   137 ||  1315
  Block: Buckler           |       |       |       |       |    27 |    62 |       ||    89
         Reflection        |       |       |       |       |       |    22 |       ||    22
         Kite shield       |       |       |       |       |       |    38 |    92 ||   130

Table legend: (Time is in decaauts)
 A = Elapsed time spent in this place.
 B = Non-inter-level travel time spent in this place.
 C = Inter-level travel time spent in this place.
 D = Time resting spent in this place.
 E = Time spent auto-exploring this place.
 F = Levels seen in this place.
 G = Mean time per level.
                   A        B        C        D        E       F      G
               +--------+--------+--------+--------+--------+-----+--------+
         Total |  45666 |  42627 |   3039 |  14823 |  21739 |  33 | 1383.8 |
       Dungeon |  18970 |  17261 |   1709 |   3941 |  11149 |  15 | 1264.7 |
        Temple |     34 |     25 |      9 |      0 |      0 |   1 |   34.0 |
          Lair |  11842 |  11333 |    509 |   5486 |   4222 |   5 | 2368.4 |
     Snake Pit |   7217 |   6924 |    293 |   3106 |   2761 |   4 | 1804.2 |
  Orcish Mines |   2097 |   1921 |    176 |    426 |   1159 |   2 | 1048.5 |
   Elven Halls |   5266 |   4927 |    339 |   1850 |   2411 |   3 | 1755.3 |
         Abyss |    167 |    167 |      0 |     12 |      0 |   2 |   83.5 |
        Bailey |     68 |     68 |      0 |      2 |     37 |   1 |   68.0 |
               +--------+--------+--------+--------+--------+-----+--------+

Top non-repeatable levels by time:
  Lair:4: 3054 daAuts
  Lair:1: 2864 daAuts
 Snake:3: 2652 daAuts
   Elf:2: 2506 daAuts
  Lair:5: 2431 daAuts
   Elf:1: 2193 daAuts
    D:12: 2063 daAuts
    D:13: 1951 daAuts
  Lair:2: 1920 daAuts
     D:6: 1770 daAuts
 Snake:4: 1630 daAuts
 Snake:2: 1625 daAuts
  Lair:3: 1572 daAuts
    D:10: 1432 daAuts
     D:4: 1384 daAuts
